SAAA
PURE MICHIGAN GREAT LAKERS @ ELLENBURG FIGHTING DACHSUNDS
07/29/2025
 
TOP OF THE 1ST
Pure Michigan Great Lakers batting - Pitching for Ellenburg Fighting Dachsunds : RHP Luis Mata
Pitching: RHP Luis Mata
Batting: RHB Javier Rivera 0-0: Ball
1-0: Ball
2-0: Ball
3-0: Called Strike
3-1: Foul Ball, location: 2F
3-2: SINGLE (Groundball, 56S) (infield hit)
Batting: RHB Zong-yuan Fung 0-0: Foul Ball, location: 2F
0-1: Fly out, F6 (Popup, 6)
Batting: RHB Jeffery Campbell 0-0: Called Strike
0-1: Called Strike
0-2: Fly out, F7 (Flyball, 7LMF)
Batting: RHB John Thompson 0-0: Called Strike
0-1: Called Strike
0-2: Foul Ball, location: 2F
0-2: Ball
1-2: SINGLE (Groundball, 34D)
Javier Rivera to second
Runner from 2nd tries for 3rd, OUT!
Top of the 1st over - 0 run(s), 2 hit(s), 0 error(s), 1 left on base; Pure Michigan 0 - Ellenburg 0
BOTTOM OF THE 1ST
Ellenburg Fighting Dachsunds batting - Pitching for Pure Michigan Great Lakers : RHP José López
Pitching: RHP José López
Batting: LHB Aquiles Marmelo 0-0: SOLO HOME RUN (Flyball, 89XD), Distance : 425 ft
Batting: RHB Juan Ramos 0-0: Called Strike
0-1: Swinging Strike
0-2: Ball
1-2: Ball
2-2: SINGLE (Line Drive, 34D)
Batting: RHB Ed Adams 0-0: Ball
Passed Ball!
Juan Ramos to second
1-0: TRIPLE (Flyball, 9LD)
Juan Ramos scores
Batting: RHB Meka Knight 0-0: Called Strike
0-1: Ball
1-1: Called Strike
1-2: Ground out 5-3 (Groundball, 5S)
Batting: RHB Jack Burton 0-0: Called Strike
0-1: Foul Ball, location: 2F
0-2: Ball
1-2: Ball
2-2: Ball
3-2: Fly out, F9 (Flyball, 9S)
Runner from 3rd tags up, OUT at HOME
Bottom of the 1st over - 2 run(s), 3 hit(s), 0 error(s), 0 left on base; Pure Michigan 0 - Ellenburg 2
TOP OF THE 2ND
Pure Michigan Great Lakers batting - Pitching for Ellenburg Fighting Dachsunds : RHP Luis Mata
Batting: RHB Nathan Horton 0-0: Called Strike
0-1: Ball
1-1: Fly out, F7 (Flyball, 7S)
Batting: LHB Juan Rodríguez 0-0: Called Strike
0-1: Ball
1-1: Swinging Strike
1-2: Ball
2-2: Foul Ball, location: 2F
2-2: Ball
3-2: Foul Ball, location: 2F
3-2: Foul Ball, location: 2F
3-2: Base on Balls
Batting: RHB Ron Ward 0-0: Ball
1-0: Ball
2-0: Ball
3-0: Foul Ball, location: 2F
3-1: Called Strike
3-2: Base on Balls
Juan Rodríguez to second
Batting: RHB Ramiro Gonzáles 0-0: Called Strike
0-1: Swinging Strike
0-2: Strikes out looking
Batting: LHB Greg Robinson 0-0: Fielders Choice at 2nd, 4-6 (Groundball, 4)
Top of the 2nd over - 0 run(s), 0 hit(s), 0 error(s), 1 left on base; Pure Michigan 0 - Ellenburg 2
BOTTOM OF THE 2ND
Ellenburg Fighting Dachsunds batting - Pitching for Pure Michigan Great Lakers : RHP José López
Batting: RHB Manuel Canó 0-0: Fly out, F8 (Flyball, 8RS)
Batting: RHB William Walls 0-0: Called Strike
0-1: Ball
1-1: Ground out 4-3 (Groundball, 4MS)
Batting: RHB Francis Kelly 0-0: Swinging Strike
0-1: Foul Ball, location: 2F
0-2: Ball
1-2: Ground out 4-3 (Groundball, 4)
Bottom of the 2nd over - 0 run(s), 0 hit(s), 0 error(s), 0 left on base; Pure Michigan 0 - Ellenburg 2
TOP OF THE 3RD
Pure Michigan Great Lakers batting - Pitching for Ellenburg Fighting Dachsunds : RHP Luis Mata
Batting: RHB Javier Rivera 0-0: Fly out, F8 (Flyball, 8LS)
Batting: RHB Zong-yuan Fung 0-0: Called Strike
0-1: SINGLE (Groundball, 56) (infield hit)
Batting: RHB Jeffery Campbell 0-0: Ball
1-0: Ball
2-0: DOUBLE (Groundball, 5L)
Zong-yuan Fung to third
Runner from 3rd tries for Home, SAFE, no throw
Batting: RHB John Thompson 0-0: Swinging Strike
0-1: Reached on error, E9 (Flyball, 9)
Jeffery Campbell to third
Batting: RHB Nathan Horton 0-0: Called Strike
0-1: Foul Ball, location: 2F
0-2: Ball
1-2: Foul Ball, location: 2F
1-2: Ball
2-2: Strikes out swinging
Batting: LHB Juan Rodríguez 0-0: Ball
1-0: Called Strike
Pickoff Throw to First - Out!
Top of the 3rd over - 1 run(s), 2 hit(s), 1 error(s), 0 left on base; Pure Michigan 1 - Ellenburg 2
BOTTOM OF THE 3RD
Ellenburg Fighting Dachsunds batting - Pitching for Pure Michigan Great Lakers : RHP José López
Batting: RHB Charles Jordan 0-0: Ball
1-0: Foul Ball, location: 2F
1-1: Swinging Strike
1-2: Ball
2-2: Foul Ball, location: 2F
2-2: Strikes out swinging
Batting: LHB Aquiles Marmelo 0-0: Called Strike
0-1: Ball
1-1: Ball
2-1: Ball
3-1: Base on Balls
Batting: RHB Juan Ramos 0-0: Ball
Aquiles Marmelo steals 2nd base
1-0: Ground out 5-3 (Groundball, 56)
Batting: RHB Ed Adams 0-0: Called Strike
0-1: Fly out, F9 (Flyball, 89M)
Bottom of the 3rd over - 0 run(s), 0 hit(s), 0 error(s), 1 left on base; Pure Michigan 1 - Ellenburg 2
TOP OF THE 4TH
Pure Michigan Great Lakers batting - Pitching for Ellenburg Fighting Dachsunds : RHP Luis Mata
Batting: LHB Juan Rodríguez 0-0: Ground out 1-3 (Groundball, P)
Batting: RHB Ron Ward 0-0: Swinging Strike
0-1: Ball
1-1: Swinging Strike
1-2: Ball
2-2: Ball
3-2: Base on Balls
Batting: RHB Ramiro Gonzáles 0-0: Ball
1-0: Called Strike
1-1: Swinging Strike
1-2: Ball
2-2: SINGLE (Line Drive, 6M)
Ron Ward to second
Batting: LHB Greg Robinson 0-0: Ball
1-0: Called Strike
1-1: Foul Ball, location: 2F
1-2: Ball
2-2: DOUBLE (Flyball, 9LM)
Ron Ward scores
Ramiro Gonzáles to third
Batting: RHB Javier Rivera 0-0: Called Strike
0-1: DOUBLE (Line Drive, 7LM)
Ramiro Gonzáles scores
Greg Robinson scores
Batting: RHB Zong-yuan Fung 0-0: Ball
1-0: Called Strike
1-1: Foul Ball, location: 2F
1-2: Foul Ball, location: 2F
1-2: Foul Ball, location: 2F
1-2: Ball
2-2: Ground out 6-3 (Groundball, 6)
Batting: RHB Jeffery Campbell 0-0: Intentional Walk
Batting: RHB John Thompson 0-0: Called Strike
0-1: Swinging Strike
0-2: Ball
1-2: Strikes out looking
Top of the 4th over - 3 run(s), 3 hit(s), 0 error(s), 2 left on base; Pure Michigan 4 - Ellenburg 2
BOTTOM OF THE 4TH
Ellenburg Fighting Dachsunds batting - Pitching for Pure Michigan Great Lakers : RHP José López
Batting: RHB Meka Knight 0-0: Foul Ball, location: 2F
0-1: Ball
1-1: SINGLE (Groundball, 6MD)
Batting: RHB Jack Burton 0-0: Swinging Strike
0-1: Foul Ball, location: 2F
0-2: Strikes out swinging
Batting: RHB Manuel Canó 0-0: Swinging Strike
0-1: Called Strike
0-2: Ball
Wild Pitch!
Meka Knight to second
1-2: Ball
2-2: Fly out, F8 (Line Drive, 8RM)
Batting: RHB William Walls 0-0: Fly out, F4 (Popup, 4MD)
Bottom of the 4th over - 0 run(s), 1 hit(s), 0 error(s), 1 left on base; Pure Michigan 4 - Ellenburg 2
TOP OF THE 5TH
Pure Michigan Great Lakers batting - Pitching for Ellenburg Fighting Dachsunds : RHP Luis Mata
Batting: RHB Nathan Horton 0-0: Fly out, F3 (Line Drive, 34S)
Batting: LHB Juan Rodríguez 0-0: SINGLE (Groundball, 4) (infield hit)
Batting: RHB Ron Ward 0-0: Foul Ball, location: 2F
0-1: Ball
Throwing error on steal attempt, E2
Juan Rodríguez to third
1-1: Intentional Walk
Batting: RHB Ramiro Gonzáles 0-0: Foul Ball, location: 2F
0-1: SINGLE (Line Drive, 56)
Juan Rodríguez scores
Ron Ward to second
Pitching: RHP Artie Chávez
Batting: LHB Greg Robinson 0-0: Ball
1-0: DOUBLE (Flyball, 89D)
Ron Ward scores
Ramiro Gonzáles to third
Batting: RHB Javier Rivera 0-0: Ball
1-0: Ball
2-0: Ball
3-0: Base on Balls
Batting: RHB Zong-yuan Fung 0-0: Swinging Strike
0-1: Fly out, F9 (Flyball, 9S)
Batting: RHB Jeffery Campbell 0-0: Swinging Strike
0-1: SINGLE (Line Drive, 89S)
Ramiro Gonzáles scores
Greg Robinson to third
Javier Rivera to second
Batting: RHB John Thompson 0-0: Ball
1-0: Ball
2-0: Foul Ball, location: 2F
2-1: Fly out, F8 (Flyball, 8RD)
Top of the 5th over - 3 run(s), 4 hit(s), 1 error(s), 3 left on base; Pure Michigan 7 - Ellenburg 2
BOTTOM OF THE 5TH
Ellenburg Fighting Dachsunds batting - Pitching for Pure Michigan Great Lakers : RHP José López
Batting: RHB Francis Kelly 0-0: Ball
1-0: Swinging Strike
1-1: Ball
2-1: Foul Ball, location: 2F
2-2: Ball
3-2: Ground out 5-3 (Groundball, 56)
Batting: RHB Charles Jordan 0-0: Called Strike
0-1: Ball
1-1: Reached on error, E6 (Groundball, 6)
Batting: LHB Aquiles Marmelo 0-0: Called Strike
0-1: Fly out, F8 (Flyball, 8LM)
Batting: RHB Juan Ramos 0-0: Foul Ball, location: 2F
0-1: SINGLE (Groundball, 6MD)
Charles Jordan to second
Charles Jordan to third
Batting: RHB Ed Adams 0-0: Ball
1-0: Ball
2-0: Ball
3-0: Base on Balls
Juan Ramos to second
Batting: RHB Meka Knight 0-0: GRAND SLAM HOME RUN (Flyball, 78XD), Distance : 428 ft
Batting: RHB Jack Burton 0-0: Called Strike
0-1: Ball
1-1: Ball
2-1: Ball
3-1: Swinging Strike
3-2: Foul Ball, location: 2F
3-2: Foul Ball, location: 2F
3-2: TRIPLE (Flyball, 9D)
Pitching: RHP Jim Unknown
Batting: RHB Manuel Canó 0-0: Called Strike
0-1: Ball
1-1: Swinging Strike
1-2: Foul Ball, location: 2F
1-2: Ball
2-2: Fly out, F8 (Flyball, 8RM)
Bottom of the 5th over - 4 run(s), 3 hit(s), 1 error(s), 1 left on base; Pure Michigan 7 - Ellenburg 6
TOP OF THE 6TH
Pure Michigan Great Lakers batting - Pitching for Ellenburg Fighting Dachsunds : RHP Artie Chávez
Batting: RHB Nathan Horton 0-0: Swinging Strike
0-1: Swinging Strike
0-2: Ball
1-2: Ball
2-2: Fly out, F3 (Flyball, 3DF)
Batting: LHB Juan Rodríguez 0-0: Ball
1-0: Fly out, F4 (Popup, 4MD)
Batting: RHB Ron Ward 0-0: Swinging Strike
0-1: Ball
1-1: Ball
2-1: Ball
3-1: Foul Ball, location: 2F
3-2: Base on Balls
Batting: RHB Ramiro Gonzáles 0-0: Called Strike
0-1: Ball
1-1: Called Strike
1-2: Foul Ball, location: 2F
1-2: Fielders Choice at 2nd, 4-6 (Groundball, 4)
Top of the 6th over - 0 run(s), 0 hit(s), 0 error(s), 0 left on base; Pure Michigan 7 - Ellenburg 6
BOTTOM OF THE 6TH
Ellenburg Fighting Dachsunds batting - Pitching for Pure Michigan Great Lakers : RHP Jim Unknown
Batting: RHB William Walls 0-0: Called Strike
0-1: Ball
1-1: SINGLE (Groundball, 56D)
Batting: RHB Francis Kelly 0-0: Ball
William Walls is caught stealing 2nd base
1-0: Ball
2-0: Ball
3-0: Base on Balls
Batting: RHB Charles Jordan 0-0: Ball
Francis Kelly is caught stealing 2nd base
1-0: Ground out 6-3 (Groundball, 6)
Bottom of the 6th over - 0 run(s), 1 hit(s), 0 error(s), 0 left on base; Pure Michigan 7 - Ellenburg 6
TOP OF THE 7TH
Pure Michigan Great Lakers batting - Pitching for Ellenburg Fighting Dachsunds : RHP Artie Chávez
Batting: LHB Greg Robinson 0-0: Called Strike
0-1: Ball
1-1: Foul Ball, location: 2F
1-2: Ball
2-2: Ball
3-2: Foul Ball, location: 2F
3-2: Ground out 6-3 (Groundball, 6S)
Batting: RHB Javier Rivera 0-0: Called Strike
0-1: Ball
1-1: SINGLE (Groundball, 4M) (infield hit)
Batting: RHB Zong-yuan Fung 0-0: Called Strike
0-1: Ball
1-1: Ball
2-1: Grounds into double play, 5-4-3 (Groundball, 56)
Top of the 7th over - 0 run(s), 1 hit(s), 0 error(s), 0 left on base; Pure Michigan 7 - Ellenburg 6
BOTTOM OF THE 7TH
Ellenburg Fighting Dachsunds batting - Pitching for Pure Michigan Great Lakers : RHP Jim Unknown
Batting: LHB Aquiles Marmelo 0-0: Fly out, F8 (Flyball, 8LM)
Batting: RHB Juan Ramos 0-0: Called Strike
0-1: Ball
1-1: Ball
2-1: Ball
3-1: Ground out 5-3 (Groundball, 56S)
Batting: RHB Ed Adams 0-0: Swinging Strike
0-1: Foul Ball, location: 2F
0-2: Ground out 1-3 (Groundball, 13S)
Bottom of the 7th over - 0 run(s), 0 hit(s), 0 error(s), 0 left on base; Pure Michigan 7 - Ellenburg 6
TOP OF THE 8TH
Pure Michigan Great Lakers batting - Pitching for Ellenburg Fighting Dachsunds : RHP Artie Chávez
Batting: RHB Jeffery Campbell 0-0: Ball
1-0: Ball
2-0: Foul Ball, location: 2F
2-1: Ball
3-1: Ground out 6-3 (Groundball, 56D)
Pitching: RHP Sean Evans
Batting: RHB John Thompson 0-0: Called Strike
0-1: Ball
1-1: Called Strike
1-2: Foul Ball, location: 2F
1-2: Ground out 4-3 (Groundball, 34)
Batting: RHB Nathan Horton 0-0: Called Strike
0-1: Ball
1-1: Called Strike
1-2: Fly out, F8 (Flyball, 8LXD)
Top of the 8th over - 0 run(s), 0 hit(s), 0 error(s), 0 left on base; Pure Michigan 7 - Ellenburg 6
BOTTOM OF THE 8TH
Ellenburg Fighting Dachsunds batting - Pitching for Pure Michigan Great Lakers : RHP Jim Unknown
Pitching: RHP Robert Dickinson
Now at 2B: Gregory Johnson
Batting: RHB Meka Knight 0-0: Foul Ball, location: 2F
0-1: Swinging Strike
0-2: Ball
1-2: Fly out, F7 (Flyball, 7)
Pitching: LHP Ezio Deodato
Batting: RHB Jack Burton 0-0: Ball
1-0: Called Strike
1-1: Fly out, F9 (Flyball, 89M)
Batting: RHB Manuel Canó 0-0: Ball
1-0: Fly out, F6 (Popup, 6MD)
Bottom of the 8th over - 0 run(s), 0 hit(s), 0 error(s), 0 left on base; Pure Michigan 7 - Ellenburg 6
TOP OF THE 9TH
Pure Michigan Great Lakers batting - Pitching for Ellenburg Fighting Dachsunds : RHP Sean Evans
Batting: LHB Juan Rodríguez 0-0: Ball
1-0: Foul Ball, location: 2F
1-1: Ball
2-1: Foul Ball, location: 2F
2-2: Ball
3-2: Foul Ball, location: 2F
3-2: Foul Ball, location: 2F
3-2: Base on Balls
Batting: RHB Ron Ward 0-0: Sac Bunt - play at first, batter OUT! 1-3
Juan Rodríguez to second
Pinch Hitting: LHB César Muńóz 0-0: Ball
1-0: Foul Ball, location: 2F
1-1: Ball
2-1: Foul Ball, location: 2F
2-2: Ball
3-2: Base on Balls
Batting: LHB Greg Robinson 0-0: Swinging Strike
0-1: Fly out, F8 (Flyball, 8RD)
Runner from 2nd tags up, SAFE at 3rd, no throw
Batting: RHB Javier Rivera 0-0: Ball
1-0: Ball
2-0: Foul Ball, location: 2F
2-1: Foul Ball, location: 2F
2-2: Hit by Pitch
César Muńóz to second
Batting: RHB Zong-yuan Fung 0-0: Ball
1-0: Called Strike
1-1: Ball
2-1: Ground out 6-3 (Groundball, 6)
Top of the 9th over - 0 run(s), 0 hit(s), 0 error(s), 3 left on base; Pure Michigan 7 - Ellenburg 6
BOTTOM OF THE 9TH
Ellenburg Fighting Dachsunds batting - Pitching for Pure Michigan Great Lakers : LHP Ezio Deodato
Now at C: Dan Hunt
Now at 1B: Keith Spear
Now in LF: Alex Maxwell
Pinch Hitting: RHB Preston Hernández 0-0: Ball
1-0: Called Strike
1-1: Ball
2-1: Foul Ball, location: 2F
2-2: Ball
3-2: Strikes out swinging
Pinch Hitting: RHB Ramiro Rico 0-0: Called Strike
0-1: Ball
1-1: Ground out 6-3 (Groundball, 6)
Pinch Hitting: RHB José Vázquez 0-0: Foul Ball, location: 2F
0-1: Ground out 5-3 (Groundball, 5S)
Bottom of the 9th over - 0 run(s), 0 hit(s), 0 error(s), 0 left on base; Pure Michigan 7 - Ellenburg 6
Friday, December 30th, 2016 - OOTP Baseball 17.12 Build 75